 Dungeon Crawl Stone Soup version 0.17-a0-1842-gacc33f2 (webtiles) character file.

74 Medved the Chiller (level 3, -22/26 HPs)
             Began as a Demigod Ice Elementalist on Sept 17, 2015.
             Killed from afar by a kobold (48 damage)
             ... with an exploding inner flame
             ... hexed by the player character
             ... on level 2 of the Dungeon.
             The game lasted 00:04:03 (1433 turns).

Medved the Chiller (Demigod Ice Elementalist)       Turns: 1433, Time: 00:04:03

Health: -22/26     AC:  2    Str: 11    XL:     3   Next: 85%
Magic:  8/9        EV: 13    Int: 21    God:
Gold:   29         SH:  0    Dex: 16    Spells: 1 memorised, 5 levels left

rFire  . . .     SeeInvis .     (no weapon)
rCold  . . .     Clarity  .     a - +0 robe
rNeg   . . .     SustAt   +     (no shield)
rPois  .         Gourm    .     (no helmet)
rElec  .         Spirit   .     (no cloak)
rCorr  .         Warding  .     (no gloves)
rMut   .         Stasis   .     (no boots)
MR     .....                    (no amulet)
Stlth  ++........               (no ring)
                                (no ring)

@: not resistant to hostile enchantments, unstealthy
A: high mp 1, sustain attributes
a: no special abilities


You were on level 2 of the Dungeon.
You were not hungry.

You visited 1 branch of the dungeon, and saw 2 of its levels.

You collected 29 gold pieces.

Inventory:

Armour
 a - a +0 robe (worn)
Magical staves
 l - an uncursed staff of wizardry {unknown}
Jewellery
 f - an uncursed ring of stealth {unknown}
Potions
 g - a potion of curing {unknown}
 h - 2 potions of lignification {unknown}
 j - a potion of heal wounds {unknown}
Books
 b - a book of Frost

   Spells                             Type                      Level
   a - Freeze                         Ice                          1
   b - Throw Frost                    Conjuration/Ice              2
   c - Ozocubu's Armour               Charms/Ice                   3
   d - Throw Icicle                   Conjuration/Ice              4
   e - Summon Ice Beast               Ice/Summoning                4
   f - Condensation Shield            Ice                          4
Comestibles
 c - a bread ration
 k - a meat ration


   Skills:
 + Level 2.3 Dodging
 - Level 1.7 Stealth
 + Level 2.4 Spellcasting
   Level 0.8 Conjurations
 * Level 3.7 Ice Magic


You had 5 spell levels left.
You knew the following spells:

 Your Spells              Type           Power        Failure   Level  Hunger
a - Freeze                Ice            ###.         3%          1    None


Dungeon Overview and Level Annotations

Branches:
Dungeon (2/15)


Innate Abilities, Weirdness & Mutations

You have an increased reservoir of magic (+10% MP).
Your attributes are resistant to harm.


Message History

As you read the scroll labeled RUYWAKHLOWN, it crumbles to dust.
You feel blessed for a moment.
It was a scroll of remove curse.
As you read the scroll labeled XEXKAD DICUUF, it crumbles to dust.
It is a scroll of enchant weapon.
Enchant which weapon? (? for menu, Esc to quit)
Your weird smoking staff very briefly gains a red sheen.
As you read the scroll labeled VINNILY FOMISS, it crumbles to dust.
The creatures around you are filled with an inner flame!
It was a scroll of immolation.
The kobold completely misses you.
Casting: Freeze
Confirm with . or Enter, or press ? or * to list all spells.
Aiming: Freeze
Press: ? - help, Shift-Dir - straight line, f - kobold
Aim: a kobold (inner flame)
You freeze the kobold.
The kobold explodes!
The fiery explosion engulfs you!
Ouch! That really hurt!
You die...

.# #...# ..
.####..####.####.#
.#...............#
.#.##.#.##..####.#
g#.##>#.##..####.#
.#.##.#...(....#.###
.#.(.........#.§...
.#..#.#.#...##..§#
............##.§@#
##..#.#.####.....#
#.....## #.#..##
#÷...######.#..#
#..............#
#..###.####.####
##..# #.# #.# #...#
#.# #.# #.#.# #.#
#.#


There were no monsters in sight!

Vanquished Creatures
  2 adders (D:2)
  3 gnolls (D:2)
  A giant gecko (D:1)
  2 giant cockroaches (D:1)
  3 goblins
  3 hobgoblins
  3 jackals (D:1)
  2 kobolds (D:1)
  A ball python (D:1)
  5 bats (D:1)
  6 rats (D:1)
31 creatures vanquished.

Notes
Turn   | Place    | Note
--------------------------------------------------------------
     0 | D:1      | Medved the Demigod Ice Elementalist began the quest for the Orb.
     0 | D:1      | Reached XP level 1. HP: 14/14 MP: 5/5
   122 | D:1      | Reached skill level 3 in Ice Magic
   301 | D:1      | Reached XP level 2. HP: 18/20 MP: 5/7
  1074 | D:2      | Reached XP level 3. HP: 19/26 MP: 4/8
  1433 | D:2      | Killed from afar by a kobold

Vault maps used:
D:1:      moated_graveyard_arrival, roderic_roman_lattice, st_stairs_4
D:2:      first_bread

Action                   || total
-------------------------++-------
Melee: Unarmed           ||    13
 Cast: Freeze            ||    47
  Use: Scroll            ||     3
  Eat: Chunk             ||     2
